 Dungeon Crawl Stone Soup version 0.21.1-1-g345015f (webtiles) character file.

4319 aMcNicky the Cleaver (level 10, -6/93 (94) HPs)
             Began as a Minotaur Berserker on Mar 4, 2018.
             Was an Elder of Trog.
             Mangled by an ogre
             ... wielding a +0 giant spiked club
              (10 damage)
             ... on level 8 of the Dungeon.
             The game lasted 00:20:15 (7297 turns).

aMcNicky the Cleaver (Minotaur Berserker)           Turns: 7297, Time: 00:20:16

HP:   -6/93 (94)    AC: 13    Str: 25    XL:     10   Next: 11%
MP:   3/3           EV: 11    Int:  8    God:    Trog [****..]
Gold: 407           SH:  2    Dex: 10    Spells: 9/9 levels left

rFire    . . .     SeeInvis .   J - +2 battleaxe (antimagic)
rCold    + . .     Gourm    .   (shield currently unavailable)
rNeg     . . .     Faith    .   c - +0 plate armour
rPois    .         Spirit   .   (helmet restricted)
rElec    .         Reflect  +   t - +0 cloak
rCorr    .         Harm     .   (no gloves)
MR       .....                  x - +0 pair of boots
Stlth    ..........             p - amulet "Plog" {Reflect Int+4 SH+2}
HPRegen  0.25/turn              D - +4 ring of evasion
MPRegen  0.08/turn              s - ring of protection from cold

@: berserk cooldown, flying, slowed, very slow
A: retaliatory headbutt, horns 2
a: Berserk, Trog's Hand, Brothers in Arms, Burn Spellbooks, Renounce Religion


You were on level 8 of the Dungeon.
You worshipped Trog.
Trog was greatly pleased with you.
You were hungry.

You visited 1 branch of the dungeon, and saw 8 of its levels.

You collected 407 gold pieces.

Inventory:

Hand Weapons
 a - a +0 hand axe
 F - a +0 dagger
 G - a +4 war axe
 J - a +2 antimagic battleaxe (weapon)
Missiles
 v - a throwing net (quivered)
Armour
 c - a +0 plate armour (worn)
 t - a +0 cloak (worn)
 x - a +0 pair of boots (worn)
Jewellery
 l - an uncursed ring of resist corrosion
 p - the amulet "Plog" (around neck) {Reflect Int+4 SH+2}
   (You found it on level 6 of the Dungeon)

   [amulet of reflection]

   It shields you and reflects attacks.
   It affects your intelligence (+4).
   It affects your SH (+2).
 s - a ring of protection from cold (right hand)
 w - a cursed -2 ring of strength
 D - a +4 ring of evasion (left hand)
Wands
 b - a wand of acid (10)
 o - a wand of polymorph (12)
Scrolls
 e - 2 scrolls of teleportation
 i - a scroll of immolation {unknown}
 j - a scroll of amnesia {unknown}
 k - a scroll of magic mapping {unknown}
 u - 2 scrolls of fog
 y - 3 scrolls of remove curse {@r2}
 A - 3 scrolls of enchant armour {unknown}
 E - a scroll of vulnerability {unknown}
 I - a scroll of fear {unknown}
Potions
 f - 2 potions of resistance {unknown}
 g - 2 potions of might {unknown}
 m - a potion of magic {unknown}
 n - 4 potions of flight
 q - 2 potions of heal wounds {unknown}
 r - a potion of invisibility {unknown}
 z - a potion of curing {unknown}
 B - 2 potions of agility {unknown}
 C - a potion of degeneration {unknown}
Books
 d - a book of Misfortune

   Spells                             Type                      Level
   a - Confusing Touch                Hexes                        1
   b - Confuse                        Hexes                        3
   c - Gell's Gravitas                Translocation                3
   d - Petrify                        Transmutation/Earth          4
   e - Metabolic Englaciation         Hexes/Ice                    5
   f - Yara's Violent Unravelling     Hexes/Transmutation          5
   Trog disapproves of the use of such an item.
Comestibles
 h - 3 rations
 H - 4 chunks of flesh


   Skills:
 + Level 10.6 Fighting
 * Level 14.0 Axes
 + Level 3.5 Armour
 - Level 2.1 Dodging


You had 9 spell levels left.
You didn't know any spells.

Dungeon Overview and Level Annotations

Branches:
Dungeon (8/15)             Temple (0/1) D:6
   Lair: D:8-11

Altars:
Ashenzari
Dithmenos
Makhleb
Qazlal
Ru
Sif Muna
Trog
Wu Jian

Shops:
D:5 *


Innate Abilities, Weirdness & Mutations

You reflexively headbutt those who attack you in melee.
You have a pair of horns on your head.


Message History

Trog appreciates your killing of a magic user.
Reactivating autopickup.
You feel a bit more experienced.
Your two-headed ogre hits the orc warrior with a giant club!
Your two-headed ogre hits the orc warrior but does no damage.
The orc warrior hits you from afar with a trident!
The ogre hits you with a giant spiked club!!
* * * LOW HITPOINT WARNING * * *
The orc warrior hits you but does no damage.
The ogre hits you with a giant spiked club!
* * * LOW HITPOINT WARNING * * *
It was a potion of flight.
You feel very buoyant.
You fly up into the air.
The orc warrior barely misses you.
Your two-headed ogre hits the orc warrior with a giant club!!
The orc warrior dies!
Trog accepts your kill.
Your Axes skill increases to level 14!
The ogre hits you with a giant spiked club!
You die...

## ..# ######.# .#
#. ..#.# .#
#.##.#.# .#
#..#@#.# .#
####.#O.#O..##.#
.......)).....>#
####....O.)†..####
##########.#...
########.#.#
#..........#
#..........#
#..........#


You could see an ogre and a friendly two-headed ogre (berserk).

Vanquished Creatures
  2 two-headed ogres (D:8)
  Grinder (D:3)
  An orc warrior (D:8)
  2 ogres
  A sky beast (D:5)
  2 phantoms
  A necrophage (D:6)
  A centaur (D:5)
  4 bullfrogs
  A gnoll sergeant (D:5)
  2 scorpions
  12 wights
  2 howler monkeys (D:4)
  A crimson imp (D:3)
  2 centaur zombies (D:5)
  2 jellies
  2 orc priests
  Crazy Yiuf (D:7)
  2 centaur skeletons
  5 hounds
  An iguana (D:4)
  6 orc wizards
  6 worker ants
  A hound zombie (D:5)
  A hound skeleton (D:7)
  A howler monkey zombie (D:6)
  8 gnolls
  10 adders
  A shadow imp (D:5)
  2 oozes
  2 worms
  A dart slug (D:2)
  5 leopard geckos
  38 orcs
  4 giant cockroaches
  6 hobgoblins
  3 jackals (D:5)
  4 kobolds
  6 quokkas
  7 bats
  4 frilled lizards
  5 goblins
  A jackal zombie (D:6)
  A leopard gecko skeleton (D:6)
  10 rats
181 creatures vanquished.

Vanquished Creatures (collateral kills)
  An orc warrior (D:8)
  An orc wizard (D:8)
2 creatures vanquished.

Grand Total: 183 creatures vanquished

Notes
Turn   | Place    | Note
-------+----------+-------------------------------------------
     0 | D:1      | aMcNicky the Minotaur Berserker began the quest for the Orb.
     0 | D:1      | Reached XP level 1. HP: 19/19 MP: 0/0
   169 | D:1      | Reached skill level 4 in Axes
   217 | D:1      | Reached XP level 2. HP: 27/27 MP: 1/1
   251 | D:1      | Found a shattered altar of Ashenzari.
  1053 | D:2      | Found a bloodstained altar of Trog.
  1055 | D:2      | Reached XP level 3. HP: 33/33 MP: 2/2
  1060 | D:2      | Noticed a bullfrog
  1071 | D:2      | Killed a bullfrog
  1071 | D:2      | Reached ** piety under Trog
  1071 | D:2      | Reached skill level 5 in Axes
  1071 | D:2      | Reached XP level 4. HP: 27/41 MP: 3/3
  1342 | D:2      | Found a sacrificial altar of Ru.
  1674 | D:3      | Reached skill level 6 in Axes
  1674 | D:3      | Reached XP level 5. HP: 45/47 MP: 4/4
  1713 | D:3      | Noticed Grinder
  1716 | D:3      | Paralysed by Grinder for 2 turns
  1724 | D:3      | Killed Grinder
  1724 | D:3      | Reached skill level 5 in Fighting
  1724 | D:3      | Reached skill level 7 in Axes
  1724 | D:3      | Reached XP level 6. HP: 57/57 MP: 5/5
  2545 | D:4      | Reached skill level 8 in Axes
  2548 | D:4      | Reached XP level 7. HP: 59/63 MP: 6/6
  2653 | D:4      | Found a shadowy altar of Dithmenos.
  2661 | D:4      | Reached *** piety under Trog
  2799 | D:4      | Reached skill level 9 in Axes
  3921 | D:5      | Entered Level 5 of the Dungeon
  3921 | D:5      | Found Aiyclyry's Alliterative Accessories.
  4299 | D:5      | Reached XP level 8. HP: 73/73 MP: 7/7
  4352 | D:5      | Reached skill level 10 in Axes
  4929 | D:5      | Found an ornate altar of the Wu Jian Council.
  4929 | D:5      | Found a deep blue altar of Sif Muna.
  4930 | D:5      | Found a stormy altar of Qazlal.
  4933 | D:5      | Found a burning altar of Makhleb.
  5183 | D:6      | Found a staircase to the Ecumenical Temple.
  5195 | D:6      | Got a faintly glowing crystal amulet
  5196 | D:6      | Identified the amulet "Plog" {Reflect Int+4 SH+2} (You found it on level 6 of the Dungeon)
  5209 | D:6      | Reached skill level 11 in Axes
  5211 | D:6      | Reached **** piety under Trog
  5920 | D:7      | Reached XP level 9. HP: 73/81 MP: 8/8
  6015 | D:7      | Reached skill level 12 in Axes
  6765 | D:7      | Found a runed door.
  6799 | D:7      | Noticed Crazy Yiuf
  6802 | D:7      | Killed Crazy Yiuf
  6947 | D:8      | Noticed a two-headed ogre
  6960 | D:8      | Killed a two-headed ogre
  6960 | D:8      | Reached skill level 10 in Fighting
  6960 | D:8      | Reached skill level 13 in Axes
  7025 | D:8      | Reached ***** piety under Trog
  7215 | D:8      | Received a gift from Trog
  7279 | D:8      | Noticed a two-headed ogre
  7285 | D:8      | Killed a two-headed ogre
  7285 | D:8      | Reached XP level 10. HP: 93/93 MP: 3/9
  7296 | D:8      | HP: 4/93 [ogre/giant spiked club (11)]
  7297 | D:8      | Reached skill level 14 in Axes
  7297 | D:8      | Mangled by an ogre

Skill      XL: |  1  2  3  4  5  6  7  8  9 10 |
---------------+-------------------------------+-----
Axes           | 4 5 6 7 8 9 11 13 14 | 14.0
Fighting       | 4 5 6 7 8 10 | 10.6
Armour         | 3 |  3.5
Dodging        | |  2.1

Action                   |  1- 3 |  4- 6 |  7- 9 | 10-12 || total
-------------------------+-------+-------+-------+-------++-------
Melee: Hand axe          |    47 |    98 |   136 |       ||   281
       Headbutt          |     4 |    17 |    55 |       ||    76
       War axe           |       |       |   136 |       ||   136
       Battleaxe         |       |       |     6 |     2 ||     8
Invok: Berserk           |     2 |     3 |     8 |       ||    13
       Brothers in Arms  |       |       |       |     1 ||     1
  Use: Scroll            |       |     3 |     6 |       ||     9
       Potion            |       |       |       |     1 ||     1
  Eat: Chunk             |     1 |     9 |    15 |       ||    25
       Ration            |       |       |     2 |       ||     2
Armor: Animal skin       |     5 |       |       |       ||     5
       Leather armour    |     4 |       |       |       ||     4
       Scale mail        |     3 |    37 |    27 |       ||    67
       Plate armour      |       |       |    30 |     4 ||    34
Dodge: Dodged            |    35 |    42 |   119 |     3 ||   199
Block: Other             |       |       |     7 |     1 ||     8
